Map: Bel'Shir Vestige LE (Void)

Players

MMA

  • Race: Terran Terran
  • Spawn Location: 11:00

MCMC (MC) - Winner!

  • Race: Protoss Protoss
  • Spawn Location: 5:00

Event: Gamers8 2023

VOD

Have the link to the VOD?

Description

Time

  • Played on: Aug. 5, 2023, 6:47 a.m.
  • Length: 13:20

All games in this series

Show
View Real Time Build Order
Export as new Build Order

MMA Terran 

Build Orders:  

Get SALT Encoding   

  12  0:00  SCV  
  13  0:12  SCV  
  14  0:17  Supply Depot  
  14  0:24  SCV  
  15  0:38  SCV  
  15  0:39  Barracks  
  15  0:42  Refinery  
  16  0:50  SCV  
  16  0:52  Refinery  
  17  1:03  SCV  
  18  1:15  SCV  
  19  1:26  Reaper  
  19  1:27  Orbital Command  
  19  1:28  Supply Depot  
  20  1:40  Factory  
  20  1:53  SCV  
  21  1:58  Reaper  
  22  2:05  SCV  
  23  2:17  SCV  
  23  2:18  Command Center  
  24  2:24  Hellion  
  27  2:30  SCV  
  27  2:32  Barracks Reactor  
  27  2:37  Starport  
  27  2:42  SCV  
  28  2:47  Supply Depot  
  28  2:49  Factory Tech Lab  
  28  2:54  SCV  
  29  3:06  SCV  
  30  3:13  Marine  
  30  3:14  Marine  
  30  3:15  Siege Tank  
  35  3:21  SCV  
  35  3:24  Starport Tech Lab  
  32  3:31  Marine x2  
  32  3:32  Orbital Command  
  32  3:33  SCV  
  35  3:43  Raven  
  35  3:45  SCV  
  38  3:48  Barracks  
  38  3:49  Marine  
  38  3:50  Marine  
  40  3:57  SCV  
  40  3:58  SCV  
  42  4:05  Bunker  
  42  4:06  Siege Tank  
  42  4:08  Marine  
  42  4:09  Marine  
  47  4:10  SCV x2  
  47  4:15  Supply Depot  
  49  4:22  SCV x2  
  51  4:24  Engineering Bay  
  51  4:25  Refinery  
  51  4:28  Marine x2  
  53  4:36  SCV  
  53  4:37  SCV, Supply Depot  
  55  4:40  Siege Tank  
  55  4:43  Marine  
  55  4:44  Stimpack  
  59  4:50  SCV x2  
  61  4:52  Barracks  
  61  4:54  Marine  
  61  4:58  Marine  
  61  4:59  Terran Infantry Weapons Level 1  
  63  5:06  Supply Depot  
  63  5:07  SCV x2  
  64  5:08  Starport Tech Lab  
  64  5:12  Marine x2  
  67  5:19  SCV x2  
  69  5:23  Supply Depot  
  69  5:27  Factory Reactor  
  69  5:31  SCV x2  
  69  5:33  Supply Depot  
  69  5:35  Starport Reactor  
  71  5:36  Refinery  
  71  5:38  Marine x2, Supply Depot  
  71  5:39  Marauder  
  75  5:45  SCV x2  
  75  5:47  Marauder, Combat Shield  
  79  5:58  Marine x2  
  81  6:05  Widow Mine x2  
  81  6:06  Command Center  
  85  6:11  SCV  
  85  6:12  SCV  
  85  6:15  Supply Depot  
  85  6:17  Marauder x2, Medivac  
  93  6:19  Medivac  
  93  6:24  Marine x2  
  97  6:31  Widow Mine x2  
  97  6:32  Barracks  
  101  6:36  Barracks  
  101  6:45  Marauder x2, Marine  
  106  6:47  Marine  
  106  6:51  Medivac  
  109  6:56  Medivac  
  109  6:58  SCV  
  109  6:59  SCV  
  109  7:06  Marine  
  110  7:13  Concussive Shells  
  110  7:15  Terran Infantry Armor Level 1  
  110  7:16  Ghost Academy, Supply Depot  
  110  7:17  Marine  
  110  7:18  Marauder x2  
  115  7:26  Widow Mine x2  
  115  7:27  Barracks Reactor  
  119  7:33  Marauder  
  119  7:36  SCV  
  120  7:43  Marauder x2, Marine  
  120  7:44  Marine  
  123  7:49  Widow Mine x2  
  128  7:52  SCV x2  
  128  7:54  Marauder  
  131  8:05  SCV x2  
  133  8:09  Marauder  
  133  8:17  Orbital Command  
  133  8:23  Supply Depot x2  
  133  8:29  Marine x2, Widow Mine x2  
  133  8:31  Marine  
  140  8:39  Supply Depot  
  140  8:41  SCV  
  141  8:44  Ghost x3  
  141  8:45  SCV  
  134  8:57  Marine x4  
  136  9:04  Widow Mine x2  
  136  9:05  Medivac x2  
  144  9:13  Marauder x2  
  144  9:15  Marine x4  
  144  9:16  Armory  
  152  9:19  Marauder  
  152  9:21  SCV x2  
  156  9:34  Marine x4  
  156  9:35  Marauder x2  
  156  9:38  Supply Depot  
  164  9:39  Supply Depot  
  164  9:51  Widow Mine  
  164  9:52  Marine x2  
  165  9:53  Marine x2  
  165  9:54  Medivac  
  165  9:59  Medivac, Widow Mine  
  173  10:00  Marauder x3  
  168  10:08  SCV x2  
  168  10:09  Marine  
  168  10:10  Marine  
  168  10:11  Marine x2  
  171  10:19  Widow Mine  
  171  10:21  Marauder x3  
  179  10:22  Terran Infantry Weapons Level 2  
  179  10:24  Engineering Bay  
  179  10:27  Barracks x3, Refinery  
  179  10:28  Refinery  
  179  10:29  Sensor Tower, Supply Depot  
  179  10:42  Marauder  
  181  10:49  Marauder  
  175  10:51  Marine x2  
  175  10:52  Marauder  
  175  10:55  SCV x2  
  170  10:59  Viking  
  170  11:00  Viking, Supply Depot  
  170  11:01  Supply Depot  
  170  11:02  SCV  
  170  11:04  Marauder  
  167  11:07  SCV  
  167  11:08  SCV  
  164  11:14  Marine x2  
  164  11:15  Marauder x2, SCV  
  171  11:20  SCV x2  
  173  11:27  SCV  
  174  11:43  Marauder x3, Marine x4  
  163  12:04  Liberator  
  163  12:05  Liberator  
  136  12:23  Marauder, Marine  
  136  12:24  Marauder  
  115  12:32  Marauder  
  105  12:38  Marine  
  80  12:45  Marauder x2  
Show
View Real Time Build Order
Export as new Build Order

MCMC Protoss - Winner!

Build Orders: 1 Gate Expand, Blink Stalkers, Chargelot Immortal 

Get SALT Encoding   

  12  0:00  Probe  
  13  0:12  Probe  
  14  0:18  Pylon  
  14  0:24  Probe  
  15  0:36  Gateway, Probe (Chrono Boost)  
  16  0:46  Assimilator, Probe (Chrono Boost)  
  17  0:51  Probe (Chrono Boost)  
  18  1:03  Probe  
  19  1:15  Probe  
  20  1:23  Cybernetics Core  
  20  1:33  Nexus  
  20  1:36  Pylon  
  20  1:39  Probe  
  21  1:44  Assimilator  
  21  1:51  Probe  
  22  1:57  Adept (Chrono Boost)  
  22  2:01  Warp Gate  
  24  2:04  Probe  
  24  2:16  Probe (Chrono Boost)  
  24  2:20  Stalker  
  27  2:25  Probe (Chrono Boost)  
  28  2:30  Probe  
  28  2:34  Twilight Council  
  29  2:43  Probe (Chrono Boost)  
  30  2:45  Probe (Chrono Boost)  
  30  2:49  Stalker  
  33  2:57  Probe (Chrono Boost)  
  35  3:00  Probe (Chrono Boost)  
  35  3:03  Probe (Chrono Boost)  
  35  3:05  Blink (Chrono Boost)  
  36  3:06  Probe  
  36  3:07  Shield Battery  
  36  3:11  Probe  
  38  3:18  Probe  
  38  3:23  Probe  
  38  3:30  Probe  
  38  3:32  Gateway  
  39  3:35  Gateway  
  39  3:36  Probe  
  40  3:43  Robotics Facility  
  40  3:44  Probe  
  40  3:48  Probe  
  42  3:49  Stalker  
  42  3:54  Pylon  
  44  4:03  Probe x2  
  44  4:08  Pylon  
  46  4:15  Probe x2, Stalker  
  48  4:27  Probe x2  
  48  4:29  Stalker x2  
  48  4:30  Observer (Chrono Boost)  
  55  4:38  Stalker  
  55  4:39  Probe  
  55  4:40  Probe  
  55  4:44  Nexus  
  59  4:47  Pylon  
  59  4:48  Observer  
  59  4:52  Assimilator  
  60  4:53  Assimilator  
  60  4:57  Probe x2  
  62  5:00  Charge  
  62  5:06  Pylon  
  62  5:15  Zealot x3  
  62  5:16  Probe  
  62  5:17  Probe  
  70  5:23  Templar Archives  
  70  5:26  Pylon  
  70  5:34  Immortal  
  74  5:41  Zealot x2  
  78  5:48  Gateway  
  78  5:50  Psionic Storm  
  78  5:53  Gateway x2  
  76  6:07  Probe  
  76  6:09  Probe x2  
  79  6:13  Zealot, High Templar  
  82  6:19  Probe  
  82  6:21  Probe  
  82  6:22  Gateway  
  82  6:24  High Templar  
  86  6:28  Gateway  
  86  6:31  Probe x2  
  86  6:32  Observer  
  88  6:33  Shield Battery, Probe  
  88  6:37  High Templar  
  91  6:43  Pylon  
  91  6:45  Pylon  
  91  6:46  Immortal (Chrono Boost)  
  95  7:05  Zealot x5  
  105  7:14  Zealot  
  105  7:15  Probe x3  
  110  7:16  High Templar  
  110  7:18  Immortal (Chrono Boost)  
  116  7:26  Pylon, Shield Battery  
  116  7:27  Pylon  
  116  7:31  Forge  
  116  7:34  Forge  
  116  7:41  Robotics Bay  
  116  7:42  Robotics Facility  
  116  7:43  Pylon  
  115  7:48  Zealot x2  
  119  7:54  Observer (Chrono Boost)  
  119  7:55  Zealot  
  122  8:00  Immortal (Chrono Boost)  
  122  8:02  Probe x3  
  122  8:03  Protoss Ground Weapons Level 1 (Chrono Boost), Protoss Ground Armor Level 1 (Chrono Boost)  
  122  8:04  Zealot  
  131  8:16  Zealot x4  
  131  8:19  Pylon  
  139  8:24  Assimilator x2  
  139  8:28  Zealot  
  141  8:38  High Templar x2  
  141  8:39  Zealot x4  
  147  8:43  Pylon  
  146  8:49  Zealot  
  137  9:00  Stalker x5  
  147  9:29  Pylon  
  147  9:30  Photon Cannon  
  147  9:31  Pylon, Shield Battery  
  145  9:32  Pylon, Colossus x2 (Chrono Boost)  
  145  9:34  Pylon  
  157  9:42  Pylon  
  157  9:43  Photon Cannon, Observer  
  157  9:47  Extended Thermal Lance (Chrono Boost)  
  153  9:52  Pylon  
  147  10:06  Archon  
  141  10:12  Zealot x4  
  147  10:15  Colossus x2 (Chrono Boost)  
  158  10:26  Zealot  
  158  10:27  Zealot x3, Protoss Ground Armor Level 2 (Chrono Boost)  
  166  10:37  Protoss Ground Weapons Level 2 (Chrono Boost)  
  166  10:44  Zealot x3, High Templar  
  174  10:56  Stalker x4  
  172  11:07  Disruptor (Chrono Boost)  
  172  11:08  Disruptor (Chrono Boost)  
  164  11:21  Zealot x4  
  164  11:22  Zealot x3  
  178  11:34  Observer (Chrono Boost)  
  178  11:35  Pylon, Observer  
  156  11:48  Nexus  
  156  11:53  Zealot x5  
  164  11:54  Disruptor  
  167  12:07  Zealot x2  
  167  12:08  Zealot  
  136  12:17  Zealot x3  
  136  12:21  Pylon  
  117  12:30  Stalker x3  
  81  12:49  Stalker  
  81  12:50  Stalker x2  
  87  12:58  Stalker x2  
  89  13:05  Stalker  
Tags
 
Add a new tag
Caveats
  • Supply blocks, unpowered buildings, or Contaminate may cause inaccurate times.
  • Supply counts are checked every 10 seconds.